AoeStats
← Skallagrime

Arena

509781714Analyzed
1v1 RM · 3d ago on Sep 28, 2026· 47m 42s· 2 players
Game mode
Random Map
Map size
Tiny (2 player)
Population
200
Speed
Normal
Resources
Standard
Victory
Conquest
Starting age
Dark Age
Ending age
Imperial Age
RankedLock teamsTeams togetherTeam positionsShared explorationLock speedFull tech treeHidden civsTurbo modeCheats
Victory
Defeat
🇺🇸 Turks · United States
706
+32
🇺🇸 Inca · United States
681
-15
Skallagrime
0:55 Loom
11:38 Feudal Age
12:17 Double-Bit Axe
12:14 Horse Collar
13:07 Town Watch
15:25 Wheelbarrow
20:22 Castle Age
18:44 Scale Mail Armor
20:16 Stone Mining
21:55 Bow Saw
23:02 Heavy Plow
23:07 Squires
23:11 Padded Archer Armor
23:24 Forging
23:11 Fletching
23:52 Hand Cart
23:43 Town Patrol
24:44 Stone Shaft Mining
24:09 Gold Mining
24:56 Champi Runner
28:48 Chain Mail Armor
29:58 Champi Warrior
30:48 Thumb Ring
31:56 Pikeman
36:32 Imperial Age
34:06 Elite Skirmisher
35:29 Iron Casting
35:11 Leather Archer Armor
34:43 Treadmill Crane
34:59 Murder Holes
35:14 Fortified Wall
35:15 Masonry
35:26 Ballistics
35:47 Gold Shaft Mining
37:08 Andean Sling
37:34 Capped Ram
37:41 Halberdier
38:59 Plate Mail Armor
39:31 Blast Furnace
38:05 Elite Champi Warrior
39:13 Conscription
38:55 Fabric Shields
39:31 Crop Rotation
42:16 Ring Archer Armor
43:20 Bodkin Arrow
44:44 Siege Ram
Priam_Agrivar
6:10 Loom
10:18 Feudal Age
12:04 Double-Bit Axe
14:06 Wheelbarrow
14:38 Town Watch
19:45 Castle Age
18:09 Fletching
19:52 Forging
20:11 Stone Mining
22:44 Bow Saw
25:55 Gold Mining
26:59 Hand Cart
26:49 Town Patrol
27:32 Husbandry
27:37 Loom
34:19 Imperial Age
31:43 Treadmill Crane
33:28 Bodkin Arrow
33:40 Scale Barding Armor
34:21 Scale Mail Armor
35:11 Bracer
36:24 Conscription
37:03 Cavalier
38:10 Horse Collar
39:31 Squires
Connection lost

Rejoining the realm…

Still unreachable

The connection could not be restored.

Session expired

The server has moved on; the page needs a fresh start.